 Dungeon Crawl Stone Soup version 0.27-a0-1051-g288ea87c7c (webtiles) character file.

Game seed: 6525156772362462331

5 ArcanElement the Shield-Bearer (level 1, -1/18 HPs)
             Began as a Human Fighter on Apr 20, 2021.
             Slain by a jackal (2 damage)
             ... on level 1 of the Dungeon.
             The game lasted 00:00:17 (93 turns).

ArcanElement the Shield-Bearer (Human Fighter)        Turns: 93, Time: 00:00:18

Health: -1/18      AC:  6    Str: 16    XL:     1   Next: 88%
Magic:  1/1        EV:  6    Int:  8    God:
Gold:   0          SH:  8    Dex: 12    Spells: 0/0 levels left

rFire    . . .     SeeInvis .   a - +0 long sword
rCold    . . .     Faith    .   c - +0 kite shield
rNeg     . . .     Spirit   .   b - +0 scale mail
rPois    .         Reflect  .   (no helmet)
rElec    .         Harm     .   (no cloak)
rCorr    .         Rampage  .   (no gloves)
Will     .....                  (no boots)
Stlth    ..........             (no amulet)
HPRegen  0.06/turn              (no ring)
MPRegen  0.07/turn              (no ring)

@: invisible
A: no striking features
a: no special abilities


You were on level 1 of the Dungeon.
You visited 1 branch of the dungeon, and saw 1 of its levels.

Inventory:

Hand Weapons
 a - a +0 long sword (weapon)
Armour
 b - a +0 scale mail (worn)
 c - a +0 kite shield (worn)
Scrolls
 f - a scroll of fog {unknown}
Potions
 d - a potion of might


   Skills:
 - Level 3.0 Fighting
 + Level 2.5 Long Blades
 - Level 3.0 Armour
 - Level 3.0 Shields


You couldn't memorise any spells.
You didn't know any spells.
Your spell library was empty.

Dungeon Overview and Level Annotations

Branches:
Dungeon (1/15)

Altars:


Message History

The jackal bites you.
The rat twitches its whiskers.
You hit the jackal but do no damage.
The jackal bites you but does no damage.
The jackal barely misses you.
You riposte.
You barely miss the jackal. You hit the jackal but do no damage.
You block the jackal's attack. The jackal closely misses you.
You barely miss the jackal. You block the jackal's attack.
The jackal bites you.
* * * LOW HITPOINT WARNING * * *
You block the jackal's attack.
You closely miss the jackal. You block the jackal's attack.
The jackal closely misses you.
You hit the jackal.
You kill the jackal!
You block the jackal's attack. You block the jackal's attack.
You block the jackal's attack.
The jackal bites you but does no damage.
The jackal bites you but does no damage.
Found 16 gold pieces.
The jackal bites you.
* * * LOW HITPOINT WARNING * * *
You block the jackal's attack.
You hit the jackal but do no damage.
The jackal bites you but does no damage. x2
You miss the jackal. You block the jackal's attack.
The jackal closely misses you.
You slash the jackal!
You kill the jackal!
The jackal bites you.
* * * LOW HITPOINT WARNING * * *
You hit the jackal but do no damage.
The jackal bites you but does no damage.
The jackal bites you.
* * * LOW HITPOINT WARNING * * *
It was a potion of invisibility.
You fade into invisibility!
The jackal bites you.
You die...

# #. .#. .#.##
....# .#..# h.$.#
.##.# #####.##@#
#...†r##h#
#r######r# #.# #.#
#### #.# #.#
...######.######.#
.#.......#..r....#
....#...#.########
................#


You could see a jackal and a rat.

Vanquished Creatures
  3 jackals (D:1)
  A kobold (D:1)
4 creatures vanquished.

Notes
Turn   | Place    | Note
-------+----------+-------------------------------------------
     0 | D:1      | ArcanElement the Human Fighter began the quest for the Orb.
     0 | D:1      | Reached XP level 1. HP: 18/18 MP: 1/1
    93 | D:1      | Slain by a jackal

Illustrated notes

Levels and vault maps discovered:
D:1:      lightli_arrival_maybe_door_vault, layout_loops_ring,
          ebering_ecumenical_altar_box, palyth_stone_intersect,
          minmay_misc_feat_more_columns, minmay_bisected

Action                   || total
-------------------------++-------
Melee: Long sword        ||    27
  Use: Potion            ||     1
Armor: Scale mail        ||    22
Dodge: Dodged            ||    13
Block: Kite shield       ||    23
       Rpst.: Long sword ||     2

Table legend: (Time is in decaauts)
 A = Elapsed time spent in this place.
 B = Non-inter-level travel time spent in this place.
 C = Inter-level travel time spent in this place.
 D = Time resting spent in this place.
 E = Time spent auto-exploring this place.
 F = Levels seen in this place.
 G = Mean time per level.
                   A        B        C        D        E       F      G
               +--------+--------+--------+--------+--------+-----+--------+
         Total |    107 |    107 |      0 |      0 |     42 |   1 |  107.0 |
       Dungeon |    107 |    107 |      0 |      0 |     42 |   1 |  107.0 |
               +--------+--------+--------+--------+--------+-----+--------+

Top non-repeatable levels by time:
     D:1: 107 daAuts
